Map: Prion Terraces

Players

ChrisC - Winner!

  • Race: Protoss Protoss
  • League: Gold

Burt

  • Race: Terran Terran
  • League: Platinum

VOD

Have the link to the VOD?

Description

Time

  • Played on: Nov. 18, 2015, 12:21 a.m.
  • Length: 6:46
Show
View Real Time Build Order
Export as new Build Order

ChrisC Protoss - Winner!

Build Orders: Nexus First 

Get SALT Encoding   

  12  0:01  Probe (Chrono Boost)  
  13  0:11  Probe (Chrono Boost)  
  14  0:17  Pylon  
  14  0:22  Probe (Chrono Boost)  
  15  0:35  Probe (Chrono Boost)  
  16  0:46  Probe (Chrono Boost)  
  17  0:56  Probe (Chrono Boost)  
  18  1:01  Nexus  
  18  1:12  Probe (Chrono Boost)  
  18  1:16  Gateway  
  19  1:19  Assimilator  
  19  1:23  Probe (Chrono Boost)  
  20  1:33  Probe (Chrono Boost)  
  20  1:35  Assimilator  
  21  1:44  Probe (Chrono Boost)  
  22  1:54  Probe (Chrono Boost)  
  23  2:06  Cybernetics Core  
  23  2:13  Probe x2 (Chrono Boost)  
  25  2:24  Probe x2 (Chrono Boost)  
  25  2:29  Pylon  
  27  2:34  Probe (Chrono Boost)  
  27  2:35  Probe (Chrono Boost)  
  29  2:42  Stalker, Warp Gate  
  31  2:45  Probe (Chrono Boost)  
  31  2:49  Mothership Core (Chrono Boost)  
  34  2:54  Robotics Facility  
  34  2:56  Probe (Chrono Boost)  
  35  3:06  Probe (Chrono Boost), Pylon  
  35  3:08  Probe (Chrono Boost)  
  37  3:14  Stalker  
  37  3:17  Probe (Chrono Boost)  
  37  3:19  Probe (Chrono Boost)  
  41  3:23  Assimilator  
  41  3:27  Probe (Chrono Boost)  
  41  3:28  Assimilator  
  41  3:29  Probe (Chrono Boost)  
  43  3:35  Twilight Council  
  43  3:38  Probe (Chrono Boost)  
  43  3:40  Probe (Chrono Boost)  
  46  3:48  Probe (Chrono Boost)  
  46  3:54  Probe (Chrono Boost)  
  48  3:56  Observer  
  48  3:57  Stalker  
  48  3:59  Probe (Chrono Boost)  
  51  4:03  Pylon  
  51  4:05  Pylon  
  51  4:12  Forge, Blink (Chrono Boost)  
  51  4:13  Probe  
  51  4:14  Probe  
  54  4:17  Observer  
  54  4:26  Pylon  
  54  4:30  Gateway, Protoss Ground Weapons Level 1  
  54  4:33  Gateway  
  54  4:35  Gateway  
  54  4:38  Gateway  
  54  4:41  Immortal (Chrono Boost)  
  58  4:53  Gateway  
  58  4:56  Gateway  
  58  5:19  Immortal (Chrono Boost)  
  62  5:22  Pylon  
  62  5:23  Pylon  
  62  5:31  Pylon  
  62  5:38  Stalker x2  
  62  5:39  Stalker x2  
  62  5:40  Stalker  
  72  5:46  Pylon  
  72  5:49  Pylon  
  72  5:53  Stalker x2  
  76  5:59  Warp Prism (Chrono Boost)  
  78  6:05  Stalker  
  78  6:10  Stalker  
  82  6:12  Stalker  
  82  6:17  Stalker  
  86  6:24  Stalker  
  87  6:33  Stalker  
  87  6:34  Stalker x2  
Show
View Real Time Build Order
Export as new Build Order

Burt Terran 

Build Orders:  

Get SALT Encoding   

  12  0:01  SCV  
  13  0:13  SCV  
  14  0:17  Supply Depot  
  14  0:25  SCV  
  15  0:39  SCV  
  15  0:41  Barracks  
  16  0:46  Refinery  
  16  0:51  SCV  
  17  1:03  SCV  
  18  1:15  SCV  
  19  1:27  Orbital Command  
  19  1:30  Barracks Reactor  
  19  1:40  Command Center  
  20  1:54  SCV  
  20  2:09  SCV  
  20  2:10  Factory, Marine x2  
  23  2:16  Refinery  
  23  2:20  Supply Depot  
  23  2:41  SCV, Marine x2  
  23  2:43  Supply Depot  
  26  2:53  SCV  
  26  2:54  Factory Tech Lab  
  26  2:55  Starport  
  26  2:56  Orbital Command  
  27  3:05  Supply Depot, SCV  
  27  3:07  Marine  
  27  3:12  Marine  
  30  3:18  SCV  
  31  3:20  Siege Tank  
  31  3:24  SCV  
  35  3:30  SCV  
  35  3:33  Marine  
  37  3:36  SCV  
  37  3:37  Starport Tech Lab  
  37  3:39  Marine  
  39  3:42  SCV  
  41  3:48  SCV  
  41  3:52  Cyclone  
  44  3:59  Marine x2  
  46  4:03  SCV x2  
  48  4:15  SCV x2  
  50  4:17  Marine  
  50  4:22  Command Center  
  51  4:24  Refinery  
  51  4:26  Refinery, Raven  
  51  4:27  SCV  
  51  4:28  SCV  
  55  4:37  Engineering Bay  
  55  4:39  SCV  
  55  4:40  SCV  
  55  4:43  Siege Tank  
  55  4:44  Marine x2  
  62  5:02  Supply Depot  
  62  5:06  SCV x2, Missile Turret, Marine x2  
  66  5:08  Missile Turret  
  66  5:12  Medivac  
  68  5:19  SCV x2  
  70  5:24  Marine x2  
  70  5:28  Siege Tank  
  75  5:31  SCV x2  
  77  5:36  Missile Turret  
  77  5:39  Ghost Academy  
  77  5:41  Supply Depot  
  77  5:42  Marine x2  
  79  5:43  Orbital Command  
  79  5:45  SCV  
  79  5:46  SCV  
  81  5:51  Banshee  
  84  5:57  SCV  
  84  5:58  Missile Turret  
  84  6:00  Marine x2  
  87  6:06  Siege Tank  
  90  6:17  SCV x2, Marine x2  
  94  6:29  SCV x2  
  96  6:35  Supply Depot  
Tags
 
Add a new tag
Caveats
  • Supply blocks, unpowered buildings, or Contaminate may cause inaccurate times.
  • Supply counts are checked every 10 seconds.